 Dungeon Crawl Stone Soup version 0.29.1-12-g30fa7ad0bf (webtiles) character file.

Game seed: 1408008389395694724

94 wingedge the Chopper (level 4, -8/40 HPs)
             Began as a Hill Orc Fighter on Jan 7, 2023.
             Was an Initiate of Wu Jian.
             Mangled by an ogre
             ... wielding a +0 giant spiked club
              (24 damage)
             ... on level 4 of the Dungeon.
             The game lasted 00:04:28 (2683 turns).

wingedge the Chopper (Hill Orc Fighter)             Turns: 2683, Time: 00:04:29

Health: -8/40      AC:  6    Str: 18    XL:     4   Next: 63%
Magic:  4/4        EV:  9    Int:  8    God:    Wu Jian [......]
Gold:   283        SH:  4    Dex: 12    Spells: 3/3 levels left

rFire   . . .      SeeInvis .   a - +0 war axe
rCold   + . .      Faith    +   c - +0 buckler
rNeg    . . .      Spirit   .   b - +0 scale mail
rPois   +          Reflect  .   (no helmet)
rElec   .          Harm     .   (no cloak)
rCorr   .          Rampage  .   (no gloves)
Will    .....                   (no boots)
Stlth   ..........              q - amulet of faith
HPRegen 0.13/turn               p - ring of poison resistance
MPRegen 0.09/turn               u - ring of protection from cold

@: no status effects
A: no striking features
a: Renounce Religion


You were on level 4 of the Dungeon.
You worshipped Wu Jian.
Wu Jian was noncommittal.
You visited 1 branch of the dungeon, and saw 4 of its levels.

You collected 283 gold pieces.

Inventory:

Hand Weapons
 a - a +0 war axe (weapon)
 h - a +2 dagger of holy wrath
Missiles
 m - 12 poisoned darts (quivered)
Armour
 b - a +0 scale mail (worn)
 c - a +0 buckler (worn)
Jewellery
 p - a ring of poison resistance (left hand)
 q - an amulet of faith (around neck)
 u - a ring of protection from cold (right hand)
Wands
 w - a wand of charming (9)
 y - a wand of quicksilver (8)
Scrolls
 e - 2 scrolls of magic mapping {unknown}
 f - a scroll of enchant armour {unknown}
 i - 2 scrolls of immolation {unknown}
 k - a scroll of blinking {unknown}
 l - 4 scrolls of identify {unknown}
 s - a scroll of vulnerability {unknown}
 t - 3 scrolls of fear {unknown}
 x - 2 scrolls of teleportation {unknown}
Potions
 d - a potion of might
 g - 2 potions of heal wounds {unknown}
 j - 2 potions of curing {unknown}
 n - 2 potions of flight {unknown}
 o - a potion of haste {unknown}
 r - a potion of mutation {unknown}
 v - a potion of magic {unknown}
 z - a potion of cancellation {unknown}


   Skills:
 - Level 4.0 Fighting
 - Level 6.0 Axes
 - Level 3.2 Armour
 + Level 0.1 Dodging
 - Level 3.2 Shields


You had 3 spell levels left.
You didn't know any spells.
Your spell library contained the following spells:

 Spells                   Type           Power      Damage    Failure   Level
 Apportation              Tloc           0%         N/A       87%         1
 Slow                     Hex            0%         N/A       87%         1
 Confusing Touch          Hex            0%         N/A       99%         3
 Vampiric Draining        Necr           0%         2d6       99%         3
 Alistair's Intoxication  Tmut/Pois      0%         N/A       100%        5


Dungeon Overview and Level Annotations

Branches:
Dungeon (4/15)
 Temple: D:4-7

Altars:
Ashenzari
Gozag
Wu Jian


Message History

y - a wand of quicksilver (8)
Found a dagger.
You see here a +0 dagger.
An ogre comes into view. It is wielding a +0 giant spiked club.
The ogre shouts!
Throw: 16 darts (poison)
Press: ? - help, Q - select action, (/) - cycle Shift-Dir - straight line, f - ogre
Aim: an ogre, wielding a +0 giant spiked club (74% to hit)
You throw a poisoned dart. The poisoned dart hits the ogre.
The ogre is poisoned.
Unknown command.
Throw: 15 darts (poison)
Press: ? - help, Q - select action, (/) - cycle Shift-Dir - straight line, f/p - ogre
Aim: an ogre, wielding a +0 giant spiked club (lightly wounded, poisoned, 74% to hit)
You throw a poisoned dart. The poisoned dart hits the ogre.
The ogre looks even sicker.
The ogre is lightly wounded.
Throw: 14 darts (poison)
Press: ? - help, Q - select action, (/) - cycle Shift-Dir - straight line, f/p - ogre
Aim: an ogre, wielding a +0 giant spiked club (lightly wounded, very poisoned, 74% to hit)
You throw a poisoned dart. The poisoned dart hits the ogre.
The ogre looks even sicker.
The ogre is lightly wounded.
Throw: 13 darts (poison)
Press: ? - help, Q - select action, (/) - cycle Shift-Dir - straight line, f/p - ogre
Aim: an ogre, wielding a +0 giant spiked club (moderately wounded, very poisoned, 74% to hit)
You throw a poisoned dart. The poisoned dart hits the ogre.
The ogre is moderately wounded.
Okay, then.
You lunge at the ogre, but your attack speed is too slow for a blow to land.
The ogre closely misses you.
You barely miss the ogre.
The ogre is moderately wounded.
The ogre hits you with a +0 giant spiked club!!
Ouch! That really hurt!
You hit the ogre.
The ogre is heavily wounded.
The ogre hits you with a +0 giant spiked club!!
Ouch! That really hurt!
You die...

#.....# ....( ....(
... # ### ... .
..#### #.#
.####....# #(#
...##.##.# #O#
....#.##.# #@#
....#.##.# #.#
_........# #)#
....#.##.#######.##
....#.##..........#
...##.##########..#
)####.# #..#
......# #..#
.##...# #..#


You could see an ogre (very poisoned).

Vanquished Creatures
  2 adders
  A worm (D:2)
  3 dart slugs
  2 orcs (D:3)
  10 ball pythons
  3 endoplasms
  6 giant cockroaches
  7 goblins
  5 hobgoblins
  A jackal (D:3)
  3 quokkas
  6 bats
  5 frilled lizards
  6 kobolds
  3 rats
63 creatures vanquished.

Notes
Turn   | Place    | Note
-------+----------+-------------------------------------------
     0 | D:1      | wingedge the Hill Orc Fighter began the quest for the Orb.
     0 | D:1      | Reached XP level 1. HP: 19/19 MP: 1/1
   106 | D:1      | Reached skill level 3 in Axes
   148 | D:1      | Reached XP level 2. HP: 27/27 MP: 2/2
   384 | D:1      | Reached skill level 4 in Axes
   533 | D:1      | Reached XP level 3. HP: 27/33 MP: 3/3
  1125 | D:2      | Reached skill level 5 in Axes
  1828 | D:3      | Reached XP level 4. HP: 40/40 MP: 4/4
  2200 | D:3      | Found a faded altar of an unknown god.
  2422 | D:3      | Found an ornate altar of the Wu Jian Council.
  2422 | D:3      | Found a broken altar of Ashenzari.
  2574 | D:3      | Became a worshipper of the Wu Jian Council
  2612 | D:4      | Reached skill level 6 in Axes
  2614 | D:4      | Identified the +0 robe of Hilen {Archmagi}
  2639 | D:4      | Found an opulent altar of Gozag.
  2674 | D:4      | Noticed an ogre
  2683 | D:4      | Mangled by an ogre

Illustrated notes

Levels and vault maps discovered:
D:1:      dpeg_arrival_stonehenge_12_columns, layout_basic
D:2:      layout_loops_ring, grunt_ministairs_15
D:3:      minmay_bubble_buster, layout_basic, nicolae_overflow_two_pavilions,
          hellmonk_ecumenical_altar_prayer_group
D:4:      minmay_recursive_quarters, layout_loops_ring, old_standard_altar,
          uniq_edmund

Skill      XL: |  1  2  3  4 |
---------------+-------------+-----
Fighting       | 4 |  4.0
Axes           | 3 4 5 6 |  6.0
Armour         | |  3.2
Dodging        | |  0.1
Shields        | |  3.2

Action                   |  1- 3 |  4- 6 || total
-------------------------+-------+-------++-------
Melee: War axe           |   107 |    63 ||   170
Throw: Dart              |     4 |     4 ||     8
Armor: Scale mail        |    49 |    18 ||    67
Dodge: Dodged            |    71 |    23 ||    94
Block: Buckler           |    33 |    16 ||    49
